[ AOE2 MATCH · #505494641 ]
UnrankedHindustanis vs Dravidians
Player's team · LOSS
[ REPLAY ANALYSIS · EXTRACTED FROM THE RECORDED GAME ]
Feudal
8:50
Castle
22:09
Imperial
39:29
| APM avg | 68.7 |
| APM peak | 99 |
| eAPM avg | 30.6 |
| Villagers / military | 146 / 176 |
Focus
⚔️ 42.2% · 🌾 57.8%
Skirmisher ×96 · Ghulam ×58 · Trebuchet (Packed) ×8 · Mangonel ×6 · Scout Cavalry ×5 · Monk ×1
Feudal
8:51
Castle
20:54
Imperial
35:26
| APM avg | 72.3 |
| APM peak | 112 |
| eAPM avg | 32.0 |
| Villagers / military | 172 / 181 |
Focus
⚔️ 45.9% · 🌾 54.1%
Urumi Swordsman ×58 · Archer ×53 · Skirmisher ×16 · Mangonel ×10 · Scout Cavalry ×10 · Trebuchet (Packed) ×8
Match map
Initial resources + every placement click. Lines = walls · curves = elevation contours. ◆ gold · ⬟ stone · ● berries · ✦ relic · ◌ wall gap
Your base· ✓ Closed at 22:09 · 59t walls · 1 gate(s)
DK | Good_luck's base· ✓ Closed at 20:54 · 26t walls · no gate
Smoothed initial terrain · ◌ = detected wall gap · hover for details
Inputs per minute
— KASVA - - DK | Good_luck
Build order — KASVA
First 150 of 500 actions detected
| 0:00 | Create | Villager (Male) |
| 0:00 | Create | Villager (Male) |
| 0:01 | Create | Villager (Male) |
| 0:01 | Create | Villager (Male) |
| 0:02 | Build | House |
| 0:04 | Build | House |
| 1:08 | Create | Villager (Male) |
| 1:33 | Create | Villager (Male) |
| 1:58 | Create | Villager (Male) |
| 2:21 | Create | Villager (Male) |
| 2:30 | Build | Lumber Camp |
| 2:51 | Create | Villager (Male) |
| 2:59 | Create | Villager (Male) |
| 3:36 | Create | Villager (Male) |
| 3:57 | Build | House |
| 4:05 | Create | Villager (Male) |
| 4:14 | Create | Villager (Male) |
| 5:03 | Create | Villager (Male) |
| 5:26 | Create | Villager (Male) |
| 5:32 | Build | Mill |
| 5:59 | Create | Villager (Male) |
| 6:11 | Research | Loom |
| 6:31 | Research | Feudal Age |
| 7:20 | Build | Barracks |
| 8:05 | Build | Palisade Wall |
| 8:33 | Create | Villager (Male) |
| 8:39 | Build | House |
| 8:45 | Build | Palisade Wall |
| 8:50 | Age | Feudal Age |
| 8:53 | Create | Villager (Male) |
| 8:55 | Build | Archery Range |
| 9:19 | Build | House |
| 9:31 | Build | Palisade Wall |
| 9:39 | Research | Double-Bit Axe |
| 9:39 | Create | Villager (Male) |
| 9:46 | Create | Spearman |
| 9:51 | Create | Skirmisher |
| 9:56 | Build | House |
| 10:07 | Create | Villager (Male) |
| 10:09 | Build | Farm |
| 10:11 | Create | Skirmisher |
| 10:15 | Create | Archer |
| 10:16 | Create | Villager (Male) |
| 10:22 | Create | Villager (Male) |
| 10:25 | Build | House |
| 10:35 | Create | Villager (Male) |
| 10:36 | Create | Skirmisher |
| 10:44 | Build | House |
| 10:46 | Build | Palisade Wall |
| 10:49 | Build | Palisade Gate |
| 10:52 | Build | Palisade Wall |
| 10:54 | Create | Villager (Male) |
| 10:59 | Create | Skirmisher |
| 11:02 | Build | Farm |
| 11:13 | Create | Skirmisher |
| 11:20 | Build | House |
| 11:27 | Create | Skirmisher |
| 11:33 | Build | Palisade Wall |
| 11:34 | Build | Palisade Wall |
| 11:37 | Build | Palisade Wall |
| 11:38 | Build | Palisade Wall |
| 11:39 | Build | Palisade Wall |
| 11:41 | Build | Palisade Wall |
| 11:42 | Build | Palisade Wall |
| 11:48 | Create | Villager (Male) |
| 11:52 | Build | Palisade Wall |
| 11:54 | Build | Palisade Wall |
| 11:57 | Build | Farm |
| 11:57 | Build | Farm |
| 11:59 | Create | Skirmisher |
| 12:10 | Research | Horse Collar |
| 12:14 | Create | Villager (Male) |
| 12:21 | Build | Palisade Wall |
| 12:26 | Create | Skirmisher |
| 12:42 | Create | Skirmisher |
| 12:44 | Build | Farm |
| 12:46 | Build | Farm |
| 12:56 | Create | Villager (Male) |
| 13:06 | Build | Farm |
| 13:08 | Build | Farm |
| 13:18 | Create | Skirmisher |
| 13:35 | Create | Villager (Male) |
| 13:35 | Create | Villager (Male) |
| 13:38 | Build | Mining Camp |
| 13:41 | Build | Farm |
| 13:45 | Create | Skirmisher |
| 13:52 | Build | House |
| 13:56 | Build | Palisade Wall |
| 14:05 | Create | Villager (Male) |
| 14:30 | Create | Skirmisher |
| 14:36 | Build | Blacksmith |
| 14:39 | Create | Skirmisher |
| 14:53 | Create | Villager (Male) |
| 14:56 | Build | Palisade Wall |
| 15:13 | Create | Villager (Male) |
| 15:20 | Create | Villager (Male) |
| 15:25 | Create | Skirmisher |
| 15:28 | Build | Farm |
| 15:28 | Build | Farm |
| 16:01 | Create | Villager (Male) |
| 16:06 | Research | Fletching |
| 16:10 | Create | Villager (Male) |
| 16:14 | Build | Farm |
| 16:16 | Build | Farm |
| 16:20 | Create | Skirmisher |
| 16:36 | Create | Villager (Male) |
| 16:41 | Research | Padded Archer Armor |
| 16:44 | Create | Skirmisher |
| 17:23 | Build | Palisade Wall |
| 17:26 | Create | Villager (Male) |
| 17:40 | Build | Lumber Camp |
| 17:47 | Create | Skirmisher |
| 17:54 | Create | Villager (Male) |
| 18:00 | Build | Farm |
| 18:01 | Build | Farm |
| 18:06 | Build | Farm |
| 18:10 | Create | Skirmisher |
| 18:36 | Create | Villager (Male) |
| 18:41 | Build | Farm |
| 19:04 | Create | Villager (Male) |
| 19:23 | Build | Stable |
| 19:29 | Research | Castle Age |
| 19:33 | Create | Skirmisher |
| 19:45 | Create | Skirmisher |
| 19:48 | Build | House |
| 19:50 | Build | Palisade Wall |
| 20:04 | Create | Skirmisher |
| 20:20 | Create | Scout Cavalry |
| 20:22 | Research | Scale Barding Armor |
| 20:25 | Create | Skirmisher |
| 20:46 | Create | Scout Cavalry |
| 20:47 | Create | Skirmisher |
| 21:19 | Create | Scout Cavalry |
| 21:34 | Create | Scout Cavalry |
| 21:41 | Create | Skirmisher |
| 22:03 | Create | Skirmisher |
| 22:09 | Create | Villager (Male) |
| 22:09 | Age | Castle Age |
| 22:12 | Create | Villager (Male) |
| 22:14 | Research | Light Cavalry (upgrade) |
| 22:15 | Research | Elite Skirmisher (upgrade) |
| 22:30 | Research | Bodkin Arrow |
| 22:30 | Research | Bodkin Arrow |
| 22:32 | Create | Villager (Male) |
| 22:34 | Build | Town Center |
| 22:37 | Build | House |
| 22:41 | Build | House |
| 22:42 | Create | Villager (Male) |
| 22:44 | Build | Farm |
| 22:50 | Build | Lumber Camp |
Build order — DK | Good_luck
First 150 of 543 actions detected
| 0:00 | Create | Villager (Male) |
| 0:01 | Build | House |
| 0:02 | Build | House |
| 0:04 | Create | Villager (Male) |
| 0:07 | Create | Villager (Male) |
| 0:09 | Create | Villager (Male) |
| 1:14 | Create | Villager (Male) |
| 1:14 | Create | Villager (Male) |
| 1:49 | Create | Villager (Male) |
| 1:50 | Create | Villager (Male) |
| 1:59 | Build | Lumber Camp |
| 2:23 | Create | Villager (Male) |
| 2:23 | Create | Villager (Male) |
| 2:49 | Create | Villager (Male) |
| 2:49 | Create | Villager (Male) |
| 3:17 | Create | Villager (Male) |
| 3:28 | Create | Villager (Male) |
| 3:28 | Create | Villager (Male) |
| 3:34 | Create | Villager (Male) |
| 3:51 | Build | House |
| 4:05 | Create | Villager (Male) |
| 4:05 | Create | Villager (Male) |
| 4:22 | Build | House |
| 4:48 | Create | Villager (Male) |
| 4:52 | Build | Palisade Wall |
| 4:56 | Build | Palisade Wall |
| 4:59 | Create | Villager (Male) |
| 4:59 | Create | Villager (Male) |
| 5:11 | Create | Villager (Male) |
| 5:21 | Build | Barracks |
| 5:29 | Research | Loom |
| 5:51 | Build | House |
| 6:37 | Research | Feudal Age |
| 6:38 | Create | Militia |
| 6:58 | Create | Militia |
| 7:15 | Create | Militia |
| 7:20 | Build | Mill |
| 7:55 | Build | Mining Camp |
| 8:30 | Create | Villager (Male) |
| 8:51 | Age | Feudal Age |
| 8:53 | Create | Villager (Male) |
| 9:01 | Research | Double-Bit Axe |
| 9:03 | Create | Villager (Male) |
| 9:06 | Build | Archery Range |
| 9:23 | Create | Villager (Male) |
| 9:37 | Build | House |
| 9:38 | Build | Palisade Wall |
| 9:39 | Build | Palisade Wall |
| 9:43 | Create | Spearman |
| 9:51 | Build | House |
| 9:52 | Build | Palisade Wall |
| 9:53 | Build | Palisade Wall |
| 9:53 | Build | Palisade Wall |
| 10:03 | Create | Skirmisher |
| 10:07 | Create | Villager (Male) |
| 10:13 | Build | Palisade Wall |
| 10:14 | Build | Palisade Wall |
| 10:18 | Create | Skirmisher |
| 10:21 | Build | Farm |
| 10:22 | Build | Farm |
| 10:40 | Create | Archer |
| 10:51 | Create | Villager (Male) |
| 10:54 | Build | Farm |
| 10:56 | Create | Skirmisher |
| 11:07 | Create | Villager (Male) |
| 11:12 | Build | House |
| 11:12 | Build | Palisade Wall |
| 11:16 | Create | Skirmisher |
| 11:18 | Create | Villager (Male) |
| 11:22 | Build | Palisade Wall |
| 11:38 | Create | Villager (Male) |
| 11:46 | Research | Man-at-Arms (upgrade) |
| 11:51 | Create | Skirmisher |
| 12:05 | Create | Villager (Male) |
| 12:09 | Create | Skirmisher |
| 12:22 | Build | Blacksmith |
| 12:27 | Build | Farm |
| 12:40 | Create | Skirmisher |
| 12:42 | Create | Villager (Male) |
| 12:45 | Build | Farm |
| 12:54 | Build | Farm |
| 13:06 | Build | Farm |
| 13:09 | Create | Skirmisher |
| 13:13 | Build | House |
| 13:23 | Research | Fletching |
| 13:28 | Build | Farm |
| 13:32 | Build | Farm |
| 13:41 | Create | Villager (Male) |
| 13:46 | Create | Skirmisher |
| 13:52 | Build | Farm |
| 14:03 | Create | Skirmisher |
| 14:10 | Create | Villager (Male) |
| 14:14 | Build | Farm |
| 14:24 | Build | Farm |
| 14:30 | Create | Villager (Male) |
| 14:31 | Create | Skirmisher |
| 14:45 | Build | Farm |
| 15:10 | Create | Villager (Male) |
| 15:12 | Create | Villager (Male) |
| 15:20 | Create | Villager (Male) |
| 15:22 | Create | Skirmisher |
| 15:24 | Create | Villager (Male) |
| 15:25 | Build | Farm |
| 15:26 | Build | Farm |
| 15:36 | Research | Wheelbarrow |
| 16:03 | Create | Villager (Male) |
| 16:14 | Create | Villager (Male) |
| 17:15 | Create | Villager (Male) |
| 17:33 | Create | Villager (Male) |
| 17:40 | Create | Villager (Male) |
| 17:43 | Create | Skirmisher |
| 17:50 | Create | Spearman |
| 18:03 | Build | Lumber Camp |
| 18:14 | Research | Castle Age |
| 18:42 | Create | Skirmisher |
| 18:43 | Create | Skirmisher |
| 18:48 | Build | Farm |
| 18:49 | Build | Farm |
| 18:49 | Research | Horse Collar |
| 18:53 | Create | Skirmisher |
| 19:00 | Build | Farm |
| 19:02 | Build | Farm |
| 19:14 | Create | Archer |
| 19:18 | Build | Archery Range |
| 19:31 | Research | Gold Mining |
| 19:34 | Create | Archer |
| 19:36 | Research | Padded Archer Armor |
| 19:59 | Create | Archer |
| 19:59 | Create | Archer |
| 20:06 | Create | Archer |
| 20:22 | Create | Archer |
| 20:22 | Create | Archer |
| 20:54 | Create | Archer |
| 20:54 | Age | Castle Age |
| 20:55 | Create | Villager (Male) |
| 20:57 | Research | Crossbowman (upgrade) |
| 20:57 | Research | Bodkin Arrow |
| 21:04 | Build | Town Center |
| 21:08 | Create | Archer |
| 21:08 | Create | Villager (Male) |
| 21:11 | Create | Villager (Male) |
| 21:21 | Create | Villager (Male) |
| 21:26 | Build | Lumber Camp |
| 21:33 | Build | Siege Workshop |
| 21:40 | Create | Archer |
| 21:45 | Create | Villager (Male) |
| 21:58 | Create | Mangonel |
| 22:02 | Create | Villager (Male) |
| 22:03 | Build | Farm |
| 22:16 | Research | Bow Saw |
Match timeline
| 4:52 | DK | Good_luck · wall_segment Palisade Wall x3 |
| 4:56 | DK | Good_luck · wall_segment Palisade Wall x1 |
| 5:21 | DK | Good_luck · first_building Barracks |
| 7:20 | KASVA · first_building Barracks |
| 8:05 | KASVA · wall_segment Palisade Wall x12 |
| 8:45 | KASVA · wall_segment Palisade Wall x4 |
| 8:50 | KASVA · age_up feudal |
| 8:51 | DK | Good_luck · age_up feudal |
| 8:55 | KASVA · first_building Archery Range |
| 9:06 | DK | Good_luck · first_building Archery Range |
| 9:31 | KASVA · wall_segment Palisade Wall x6 |
| 9:38 | DK | Good_luck · wall_segment Palisade Wall x5 |
| 9:39 | DK | Good_luck · wall_segment Palisade Wall x4 |
| 9:52 | DK | Good_luck · wall_segment Palisade Wall x2 |
| 9:53 | DK | Good_luck · wall_segment Palisade Wall x2 |
| 9:53 | DK | Good_luck · wall_segment Palisade Wall x1 |
| 10:13 | DK | Good_luck · wall_segment Palisade Wall x7 |
| 10:14 | DK | Good_luck · wall_segment Palisade Wall x2 |
| 10:46 | KASVA · wall_segment Palisade Wall x1 |
| 10:52 | KASVA · wall_segment Palisade Wall x5 |
| 11:12 | DK | Good_luck · wall_segment Palisade Wall x1 |
| 11:22 | DK | Good_luck · wall_segment Palisade Wall x1 |
| 11:33 | KASVA · wall_segment Palisade Wall x1 |
| 11:34 | KASVA · wall_segment Palisade Wall x1 |
| 11:37 | KASVA · wall_segment Palisade Wall x1 |
| 11:38 | KASVA · wall_segment Palisade Wall x1 |
| 11:39 | KASVA · wall_segment Palisade Wall x1 |
| 11:41 | KASVA · wall_segment Palisade Wall x1 |
| 11:42 | KASVA · wall_segment Palisade Wall x1 |
| 11:52 | KASVA · wall_segment Palisade Wall x11 |
| 11:54 | KASVA · wall_segment Palisade Wall x1 |
| 12:21 | KASVA · wall_segment Palisade Wall x5 |
| 13:56 | KASVA · wall_segment Palisade Wall x1 |
| 14:56 | KASVA · wall_segment Palisade Wall x6 |
| 17:23 | KASVA · wall_segment Palisade Wall x1 |
| 19:23 | KASVA · first_building Stable |
| 19:50 | KASVA · wall_segment Palisade Wall x1 |
| 20:54 | DK | Good_luck · age_up castle |
| 21:33 | DK | Good_luck · first_building Siege Workshop |
| 22:09 | KASVA · age_up castle |
| 25:15 | DK | Good_luck · first_building Monastery |
| 27:00 | KASVA · first_building Siege Workshop |
| 30:32 | DK | Good_luck · first_building Castle |
| 30:42 | KASVA · first_building Monastery |
| 32:26 | KASVA · first_building Castle |
| 32:39 | DK | Good_luck · first_building Stable |
| 35:26 | DK | Good_luck · age_up imperial |
| 35:32 | DK | Good_luck · first_market_sell 100 wood |
| 35:33 | DK | Good_luck · first_market_buy 100 stone |
| 39:29 | KASVA · age_up imperial |
| 43:58 | KASVA · resign |
[ AI ANALYSIS · 1 CREDIT ]
What really happened in this match?
Wolo.gg analyzes every decision: build order, eco, micro, common mistakes by bracket. Personalized analysis on WhatsApp or Discord in 30 seconds.
Civ guide
Hindustanis
Perfil
Jugador #1224481